 Dungeon Crawl Stone Soup version 0.20.1-1-g8b1a95d (webtiles) character file.

3685 mopl the Cleaver (level 10, 0/79 HPs)
             Began as a Formicid Wanderer on Sept 9, 2017.
             Was a Priest of Uskayaw.
             Slain by a water moccasin (6 damage)
             ... on level 8 of the Dungeon.
             The game lasted 00:18:44 (8875 turns).

mopl the Cleaver (Formicid Wanderer)                Turns: 8875, Time: 00:18:45

Health: 0/79       AC: 13    Str: 17    XL:     10   Next: 35%
Magic:  10/13      EV:  5    Int: 13    God:    Uskayaw [***...]
Gold:   230        SH:  4    Dex: 12    Spells: 11/11 levels left

rFire    . . .     SeeInvis +   a - +0 battleaxe
rCold    . . .     Gourm    .   k - +0 buckler
rNeg     . . .     Faith    .   l - +0 plate armour
rPois    +         Spirit   .   (helmet unavailable)
rElec    .         Reflect  .   W - +0 cloak
rCorr    .         Harm     .   (no gloves)
MR       ++...                  (no boots)
Stlth    ..........             (no amulet)
Regen    0.3/turn               M - ring of poison resistance
MPRegen  0.2/turn               t - ring of protection from magic

@: heavily drained
A: permanent stasis, dig shafts and tunnels, four strong arms, antennae 3
a: Dig, Shaft Self, Stomp, Line Pass, Renounce Religion


You were on level 8 of the Dungeon.
You worshipped Uskayaw.
Uskayaw was noncommittal.
You were hungry.

You visited 2 branches of the dungeon, and saw 9 of its levels.
You also visited: Sewer.

You collected 443 gold pieces.
You spent 213 gold pieces at shops.

Inventory:

Hand Weapons
 a - a +0 battleaxe (weapon)
 b - a +0 blowgun
 r - a +1 hand axe of freezing
 L - the +9 dagger "Killer Klown's Doom" {drain, +Rage Dex+4 SInv, unknown}
   (You found it on level 5 of the Dungeon)

   A truly terrible weapon, it drains the life of those it strikes.
   It affects your dexterity (+4).
   It lets you see invisible.
   It lets you go berserk.
 O - a +0 war axe
Missiles
 v - 6 tomahawks (quivered)
 H - 21 poisoned needles
 N - 3 silver tomahawks
 Q - 4 javelins
Armour
 k - a +0 buckler (worn)
 l - a +0 plate armour (worn)
 W - a +0 cloak (worn)
Jewellery
 o - an uncursed ring of protection from cold
 t - a ring of protection from magic (right hand)
 M - a ring of poison resistance (left hand)
Wands
 d - a wand of scattershot (0/9)
 h - a wand of polymorph (12/24)
 j - a wand of digging (18/24)
 m - a wand of paralysis (12/24)
 u - a wand of flame (16/48)
 J - a wand of iceblast (8/15)
 R - a wand of confusion (21/48)
 T - a wand of polymorph (8/24)
Scrolls
 n - 2 scrolls of enchant weapon {unknown}
 q - 2 scrolls of immolation {unknown}
 s - 8 scrolls of remove curse
 y - 2 scrolls of fog {unknown}
 B - a scroll of magic mapping {unknown}
 D - 2 scrolls of recharging {unknown}
 F - 2 scrolls of blinking {unknown}
 G - 4 scrolls of enchant armour {unknown}
 I - 3 scrolls of fear
 P - a scroll of amnesia {unknown}
 S - a scroll of noise {unknown}
Potions
 e - a potion of mutation {!q}
 p - 4 potions of magic {unknown}
 w - 4 potions of curing
 x - 2 potions of haste {unknown}
 z - a potion of ambrosia {unknown}
 A - a potion of heal wounds
 C - 2 potions of brilliance
 K - 3 potions of flight
 V - a potion of invisibility
Books
 c - the Collected Works on the Arsonist

   Spells                             Type                      Level
   a - Flame Tongue                   Conjuration/Fire             1
   b - Inner Flame                    Hexes/Fire                   3
Comestibles
 f - 3 bread rations
 g - 6 meat rations
 i - 5 royal jellies
 E - a fruit
 U - 7 chunks of flesh


   Skills:
 + Level 7.2(5.7) Fighting
 * Level 9.2(7.7) Axes
 + Level 7.3(5.8) Armour
 - Level 1.2(0.0) Stealth
 - Level 4.0(2.7) Shields
 - Level 1.1(0.0) Spellcasting
   Level 2.0(0.7) Charms
   Level 2.0(0.7) Ice Magic
 + Level 5.2(3.8) Invocations
 - Level 1.1(0.0) Evocations


You had 11 spell levels left.
You didn't know any spells.

Dungeon Overview and Level Annotations

Branches:
Dungeon (8/15)             Temple (1/1) D:5
   Lair: D:8-11

Altars:
Ashenzari
Cheibriados
Dithmenos
Elyvilon
Fedhas
Gozag
Hepliaklqana
Kikubaaqudgha
Makhleb
Nemelex Xobeh
Okawaru
Qazlal
Ru
Sif Muna
Trog
Uskayaw
Vehumet
Xom
Yredelemnul
Zin
The Shining One

Shops:
D:5 *   D:8 =

Annotations:
D:5 sasori113's ghost, novice DrBe


Innate Abilities, Weirdness & Mutations

You cannot be hasted, slowed, berserked, paralysed or teleported.
You can dig through walls and to a lower floor.
Your four strong arms can wield two-handed weapons with a shield.
You have a pair of large antennae on your head. (SInv)


Message History

Your plate armour prevents you from hitting the wight.
The wight is lightly damaged.
Your plate armour prevents you from hitting the wight.
You closely miss the water moccasin. The water moccasin barely misses you.
The wight barely misses you.
The water moccasin bites you but does no damage.
The wight hits you with an enchanted hand axe.
* * * LOW HITPOINT WARNING * * *
The wight hits you with a battleaxe of freezing!
* * * LOW HITPOINT WARNING * * *
You feel drained.
* * * LOW HITPOINT WARNING * * *
The wight freezes you.
* * * LOW HITPOINT WARNING * * *
You stomp with the beat, sending a shockwave through the revelers around you!
The wight is heavily damaged. x2; The water moccasin is heavily wounded.
You are feeling hungry.
The water moccasin bites you but does no damage.
The water moccasin bites you.
You die...

#..# #######....
####### ##...#.....#
#.....>####..........#
#................[...##
#......................
#.....S#.#...........#
#.....z@.##).......[#
#.....z####.÷..#...##
#)....) ##.####≈≈≈##
#...>..###..###≈≈≈≈≈#
#......#..)###...∩≈≈#
########...###.≈≈≈≈≈#
#...).#..≈≈≈##
#.).#....#### #
#?..####...######


You could see a water moccasin and 2 wights.

Vanquished Creatures
  Maurice (D:8)
  2 hippogriffs
  Sigmund (D:3)
  The ghost of Rhok the Chopper, an amateur HOFi (D:4)
  An orc warrior (D:6)
  A sky beast (D:4)
  A necrophage (D:7)
  3 ogres
  3 centaurs
  A big kobold (D:7)
  8 bullfrogs
  A scorpion (D:6)
  8 wights
  2 bullfrog zombies (D:6)
  5 hounds
  2 orc priests
  2 jellies
  A bullfrog skeleton (D:4)
  3 orc wizards
  Jessica (D:3)
  3 worker ants
  13 adders
  3 gnolls (D:6)
  5 river rats (Sewer)
  A shadow imp (D:6)
  3 oozes
  An adder zombie (D:8)
  An adder skeleton (D:4)
  8 worms
  2 dart slugs
  5 leopard geckos
  31 orcs
  5 bats
  3 giant cockroaches
  9 goblins
  8 hobgoblins
  3 jackals (D:3)
  3 quokkas
  12 ball pythons
  11 frilled lizards
  A jackal zombie (D:7)
  12 kobolds
  A quokka zombie (D:5)
  31 rats
223 creatures vanquished.

Notes
Turn   | Place    | Note
-------+----------+-------------------------------------------
     0 | D:1      | mopl the Formicid Wanderer began the quest for the Orb.
     0 | D:1      | mopl set off with: a +2 dagger, a scroll of fear, the Collected Works on the Arsonist, a +0 robe, a bread ration
     0 | D:1      | Reached XP level 1. HP: 15/15 MP: 2/2
     0 | D:1      | Identified the Collected Works on the Arsonist
   190 | D:1      | Reached XP level 2. HP: 21/21 MP: 3/3
   201 | D:1      | Reached skill level 1 in Axes
   420 | D:1      | You fall through a shaft!
   635 | D:1      | Reached XP level 3. HP: 25/27 MP: 4/4
   671 | D:1      | Reached skill level 2 in Fighting
  1230 | D:2      | Reached XP level 4. HP: 34/34 MP: 5/5
  1305 | D:2      | Reached skill level 2 in Axes
  1338 | D:2      | Reached skill level 1 in Shields
  1654 | D:3      | Reached skill level 3 in Armour
  1702 | D:3      | Reached XP level 5. HP: 35/39 MP: 6/6
  1732 | D:3      | Noticed Jessica
  1752 | D:3      | Killed Jessica
  1820 | D:3      | Found a glowing drain.
  1862 | Sewer    | Entered a sewer
  2152 | Sewer    | Reached skill level 3 in Axes
  2153 | Sewer    | Reached XP level 6. HP: 9/46 MP: 7/7
  2153 | Sewer    | Reached skill level 3 in Fighting
  2153 | Sewer    | Reached skill level 2 in Shields
  2708 | Sewer    | Reached skill level 4 in Axes
  2708 | Sewer    | Reached XP level 7. HP: 37/52 MP: 8/8
  2907 | D:3      | Reached skill level 4 in Armour
  3026 | D:3      | Reached skill level 3 in Shields
  3409 | D:4      | Reached skill level 4 in Fighting
  3535 | D:4      | Found a sparkling altar of Nemelex Xobeh.
  3538 | D:4      | Found a basalt altar of Yredelemnul.
  3545 | D:4      | Noticed Rhok's ghost (amateur HOFi)
  3809 | D:4      | Reached skill level 5 in Axes
  3994 | D:4      | Reached XP level 8. HP: 60/60 MP: 9/9
  4024 | D:4      | Killed Rhok's ghost
  4208 | D:4      | Reached skill level 4 in Shields
  4262 | D:4      | Noticed Sigmund
  4604 | D:3      | Killed Sigmund
  4604 | D:3      | Reached skill level 5 in Fighting
  4604 | D:3      | Reached skill level 6 in Axes
  4604 | D:3      | Reached skill level 5 in Armour
  4971 | D:5      | Entered Level 5 of the Dungeon
  4987 | D:5      | Found Duodd's Assorted Antiques.
  4995 | D:5      | Bought a bubbling grey potion for 21 gold pieces
  4995 | D:5      | Bought 3 scrolls labeled ZIXAMO DIEMM for 72 gold pieces
  4995 | D:5      | Bought a potion of heal wounds for 120 gold pieces
  5055 | D:5      | Noticed sasori113's ghost (novice DrBe)
  5405 | D:4      | Reached XP level 9. HP: 38/68 MP: 10/10
  5766 | D:5      | Got a dazzling dagger
  5859 | D:5      | Found a staircase to the Ecumenical Temple.
  5877 | Temple   | Entered the Ecumenical Temple
  5987 | Temple   | Became a worshipper of Uskayaw the Reveler
  6062 | D:5      | Reached * piety under Uskayaw
  6069 | D:5      | Reached skill level 7 in Axes
  6419 | D:6      | Reached ** piety under Uskayaw
  6438 | D:6      | Reached skill level 1 in Invocations
  6713 | D:6      | Reached skill level 6 in Armour
  6713 | D:6      | Reached skill level 2 in Invocations
  6713 | D:6      | Reached *** piety under Uskayaw
  6714 | D:6      | Reached skill level 6 in Fighting
  6879 | D:6      | Reached **** piety under Uskayaw
  6893 | D:6      | Reached ***** piety under Uskayaw
  6903 | D:6      | Reached ****** piety under Uskayaw
  7179 | D:6      | Reached skill level 8 in Axes
  7179 | D:6      | Reached skill level 3 in Invocations
  7432 | D:6      | Found a burning altar of Makhleb.
  7434 | D:6      | Noticed a blizzard demon
  7438 | D:6      | Noticed an orange demon
  7583 | D:7      | Noticed a hippogriff
  7583 | D:7      | Noticed a hippogriff
  7596 | D:6      | Killed a hippogriff
  7809 | D:7      | Killed a hippogriff
  7809 | D:7      | Reached skill level 4 in Invocations
  7809 | D:7      | Reached XP level 10. HP: 52/77 MP: 11/13
  8290 | D:7      | Found an iron altar of Okawaru.
  8290 | D:7      | Found a white marble altar of Elyvilon.
  8340 | D:7      | Found a glowing silver altar of Zin.
  8622 | D:7      | Found a deep blue altar of Sif Muna.
  8706 | D:8      | Reached skill level 7 in Armour
  8764 | D:8      | Found Wezxoasoa's Jewellery Boutique.
  8770 | D:8      | Noticed Maurice
  8791 | D:8      | Killed Maurice
  8791 | D:8      | Reached skill level 7 in Fighting
  8791 | D:8      | Reached skill level 9 in Axes
  8796 | D:8      | Reached skill level 5 in Invocations
  8875 | D:8      | Slain by a water moccasin

Skill      XL: |  1  2  3  4  5  6  7  8  9 10 |
---------------+-------------------------------+-----
Axes           | 1 2 3 4 5 6 8 9 |  9.2
Fighting       | 2 3 4 5 6 7 |  7.2
Shields        | 1 2 3 4 |  4.0
Armour         | 3 4 5 6 7 |  7.3
Invocations    | 4 5 |  5.2
Stealth        | |  1.2
Spellcasting   | |  1.1
Charms         | |  2.0
Ice Magic      | |  2.0
Evocations     | |  1.1

Action                   |  1- 3 |  4- 6 |  7- 9 | 10-12 || total
-------------------------+-------+-------+-------+-------++-------
Melee: Dagger            |     7 |       |       |       ||     7
       Hand axe          |    88 |   175 |       |       ||   263
       War axe           |       |    18 |   361 |       ||   379
       Battleaxe         |       |       |    61 |    98 ||   159
 Fire: Blowgun           |       |       |    12 |       ||    12
Invok: Stomp             |       |       |       |     1 ||     1
 Abil: Dig               |     2 |     2 |    10 |     1 ||    15
Evoke: Wand              |       |       |     4 |       ||     4
  Use: Scroll            |       |       |     6 |     3 ||     9
       Potion            |       |       |     8 |       ||     8
 Stab: Paralysed         |       |       |     4 |     7 ||    11
  Eat: Chunk             |     1 |     6 |    19 |     4 ||    30
Armor: Robe              |     2 |       |       |       ||     2
       Leather armour    |     7 |       |       |       ||     7
       Chain mail        |    33 |   140 |   181 |       ||   354
       Skin              |       |       |     6 |       ||     6
       Plate armour      |       |       |    96 |    74 ||   170
Dodge: Dodged            |    32 |    93 |   172 |    31 ||   328
Block: Buckler           |     6 |    42 |   107 |    31 ||   186
